 Dungeon Crawl Stone Soup version 0.20-a0-553-g9f38e11 (webtiles) character file.

44 drasked the Chiller (level 3, 0/19 HPs)
             Began as a Deep Elf Ice Elementalist on Feb 3, 2017.
             Succumbed to a gnoll's poison
             ... on level 1 of the Dungeon.
             The game lasted 00:02:41 (898 turns).

drasked the Chiller (Deep Elf Ice Elementalist)      Turns: 898, Time: 00:02:42

Health: 0/19       AC:  4    Str: 10    XL:     3   Next: 41%
Magic:  8/10       EV: 13    Int: 20    God:
Gold:   81         SH:  0    Dex: 15    Spells: 9/10 levels left

rFire    . . .     SeeInvis .   d - +0 dagger
rCold    . . .     Gourm    .   a - +0 robe
rNeg     . . .     Faith    .   (no shield)
rPois    .         Spirit   .   (no helmet)
rElec    .         Reflect  .   (no cloak)
rCorr    .         Harm     .   (no gloves)
MR       .....                  e - +1 pair of boots
Stlth    ++........             (no amulet)
Regen    0.1/turn               (no ring)
                                (no ring)

@: mighty, lethally poisoned (0 -> -11)
A: no striking features
a: no special abilities


You were on level 1 of the Dungeon.
You were not hungry.

You visited 1 branch of the dungeon, and saw 2 of its levels.

You collected 81 gold pieces.

Inventory:

Hand Weapons
 d - a +0 dagger (weapon)
   (You took it off a kobold on level 1 of the Dungeon)
Armour
 a - a +0 robe (worn)
 e - a +1 pair of boots (worn)
   (You found it on level 1 of the Dungeon)
Scrolls
 f - a scroll of enchant armour {unknown}
 h - a scroll of random uselessness {unknown}
Books
 b - a book of Frost
Comestibles
 c - 2 bread rations {@e1}


   Skills:
 + Level 2.8 Dodging
 - Level 2.4 Stealth
 * Level 4.0 Spellcasting
   Level 1.1 Conjurations
 * Level 4.1 Ice Magic


You had 9 spell levels left.
You knew the following spells:

 Your Spells              Type           Power        Failure   Level  Hunger
a - Freeze                Ice            ###.         2%          1    None


Dungeon Overview and Level Annotations

Branches:
Dungeon (2/15)

Altars:


Message History

Where to? (? - help)
There is a stone staircase leading down here.
You climb downwards.
There is a stone staircase leading up here.
MP restored: 10
Found a stone staircase leading up.
c - 2 bread rations {@e1} (gained 1)
You now have 57 gold pieces (gained 8).
A leopard gecko comes into view.
The helpless leopard gecko fails to defend itself.
You puncture the leopard gecko!
You kill the leopard gecko!
Found a stone staircase leading up.
You now have 74 gold pieces (gained 17).
h - a scroll labeled TUZEIZOECE
There is a stone staircase leading up here.
A rat comes into view.
A rat is nearby!
You see here 7 gold pieces.
The rat bites you.
You take 2 damage, and have 17/19 hp.
Aim: a rat You freeze the rat.
The rat bites you but does no damage.
You now have 9/10 mp.
Unknown command.
Aim: a rat (heavily wounded)
You freeze the rat.
You kill the rat!
You now have 8/10 mp.
You now have 81 gold pieces (gained 7).
A giant cockroach and a hobgoblin come into view.
Health restored: 19; MP restored: 10 The hobgoblin shouts!
A gnoll comes into view. It is wielding a spear of venom.
The giant cockroach bites you but does no damage.
Aim: a giant cockroach You freeze the giant cockroach.
The gnoll shouts!
The giant cockroach misses you.
A gnoll comes into view. It is wielding a club.
You now have 9/10 mp.
Aim: a giant cockroach (severely wounded)
You freeze the giant cockroach.
You kill the giant cockroach!
The gnoll shouts!
A gnoll comes into view. It is wielding a whip.
You now have 8/10 mp.
A kobold comes into view.
There is a stone staircase leading up here.
Aim: a hobgoblin You freeze the hobgoblin.
You kill the hobgoblin!
The gnoll shouts!
The gnoll barely misses you. x2
You now have 8/10 mp.
Aim: a gnoll, wielding a club You freeze the gnoll.
The gnoll hits you from afar with a spear of venom.
You are poisoned.
The gnoll closely misses you.
You take 5 damage, and have 14/19 hp.
MASSIVE DAMAGE!!
You now have 7/10 mp.
You feel sick. The gnoll hits you but does no damage.
You are lethally poisoned!
The gnoll hits you with a club.
You climb upwards.
You feel very sick.
There is a stone staircase leading down here.
You take 6 damage, and have 8/19 hp.
MASSIVE DAMAGE!!
Aim: a gnoll, wielding a club (severely wounded)
You freeze the gnoll.
You kill the gnoll!
Your Spellcasting skill increases to level 4!
You feel sick.
You take 1 damage, and have 7/19 hp.
You now have 7/10 mp.
There is a lethal amount of poison in your body!
You feel sick.
You take 1 damage, and have 6/19 hp.
* * * LOW HITPOINT WARNING * * *
You feel sick.
You take 1 damage, and have 5/19 hp.
* * * LOW HITPOINT WARNING * * *
You feel sick.
You take 1 damage, and have 4/19 hp.
It was a potion of might.
You feel very mighty all of a sudden.
* * * LOW HITPOINT WARNING * * *
You feel sick.
You take 1 damage, and have 3/19 hp.
There is a lethal amount of poison in your body!
* * * LOW HITPOINT WARNING * * *
You feel sick.
You see here a club.
You take 1 damage, and have 2/19 hp.
* * * LOW HITPOINT WARNING * * *
You feel sick.
You take 1 damage, and have 1/19 hp.
You die...

###.####.#
#.................
###.##...##
#########.####.###
.##.......###########
#.####.#
#...................#
#......#
.####.....###.#####.#
######## ## ##...##
#.#####.# ##########
#....##.# ((.....#
#.##.##.# ###.##.#
#...@.)># .##.##.###
####.#### .##......#
#.# .##......# #.#
.##......# #.#
.........# #.#
.###.....# #.# .#
####### #.# ## #.#


There were no monsters in sight!

Vanquished Creatures
  A gnoll (D:1)
  An ooze (D:1)
  A dart slug (D:1)
  2 leopard geckos
  A ball python (D:1)
  A bat (D:1)
  5 giant cockroaches
  A goblin (D:1)
  4 hobgoblins
  2 kobolds (D:1)
  2 frilled lizards (D:1)
  3 rats
24 creatures vanquished.

Notes
Turn   | Place    | Note
-------+----------+-------------------------------------------
     0 | D:1      | drasked the Deep Elf Ice Elementalist began the quest for the Orb.
     0 | D:1      | Reached XP level 1. HP: 10/10 MP: 6/6
   213 | D:1      | Reached XP level 2. HP: 15/15 MP: 4/8
   569 | D:1      | Reached skill level 4 in Ice Magic
   748 | D:1      | Reached XP level 3. HP: 19/19 MP: 7/10
   891 | D:1      | Reached skill level 4 in Spellcasting
   894 | D:1      | HP: 4/19 [poisoned by a gnoll]
   897 | D:1      | HP: 1/19 [poisoned by a gnoll]
   898 | D:1      | Succumbed to a gnoll's poison

Vault maps used:
D:1:      dpeg_arrival_connections
D:2:      nicolae_overflow_hidden_temple, first_bread

Skill      XL: |  1  2  3 |
---------------+----------+-----
Ice Magic      | 4 |  4.1
Spellcasting   | 4 |  4.0
Dodging        | |  2.8
Stealth        | |  2.4
Conjurations   | |  1.1

Action                   || total
-------------------------++-------
Melee: Dagger            ||     4
 Cast: Freeze            ||    36
  Use: Potion            ||     1
 Stab: Sleeping          ||     2
Armor: Robe              ||    10
Dodge: Dodged            ||    18

Vault maps used:
D:1:      dpeg_arrival_connections
D:2:      nicolae_overflow_hidden_temple, first_bread

Table legend:
 A = Turns spent in this place as a percentage of turns spent in the entire game.
 B = Non-inter-level travel turns spent in this place as a percentage of non-inter-level travel turns spent in the entire game.
 C = Inter-level travel turns spent in this place as a percentage of turns spent in this place.
 D = Turns resting spent in this place as a percentage of non-inter-level travel turns spent in this place.
 E = Turns spent auto-exploring this place as a percentage of non-inter-level travel turns spent in this place.
 F = Non-inter-level travel turns spent in this place divided by the number of levels of this place that you've seen.
                   A       B       C       D       E      F
               +-------+-------+-------+-------+-------+----------------------
         Total | 100.0 | 100.0 |   0.4 |   1.7 |  12.6 | 115.5
       Dungeon | 100.0 | 100.0 |   0.4 |   1.7 |  12.6 | 115.5
               +-------+-------+-------+-------+-------+----------------------

Table legend:
 A = Kills in this place as a percentage of kills in entire the game.
 B = Kills by you in this place as a percentage of kills by you in the entire game.
 C = Kills by friends in this place as a percentage of kills by friends in the entire game.
 D = Other kills in this place as a percentage of other kills in the entire game.
 E = Experience gained in this place as a percentage of experience gained in the entire game.
 F = Experience gained in this place divided by the number of levels of this place that you have seen.
                   A       B       C       D       E      F
               +-------+-------+-------+-------+-------+----------------------
         Total | 100.0 | 100.0 |  -nan |  -nan | 100.0 |  32.0
       Dungeon | 100.0 | 100.0 |  -nan |  -nan | 100.0 |  32.0
               +-------+-------+-------+-------+-------+----------------------
